 Dungeon Crawl Stone Soup version 0.23.2-33-g5129a83184 (webtiles) character file.

Game seed: 2415834620705003317

54 DildoBatman the Conjurer (level 4, 0/30 HPs)
             Began as a Formicid Wizard on July 8, 2019.
             Succumbed to an adder's poison
             ... on level 2 of the Dungeon.
             The game lasted 00:03:09 (1286 turns).

DildoBatman the Conjurer (Formicid Wizard)          Turns: 1286, Time: 00:03:09

Health: 0/30       AC:  5    Str: 14    XL:     4   Next: 12%
Magic:  4/8        EV: 12    Int: 18    God:
Gold:   38         SH:  0    Dex:  9    Spells: 2/9 levels left

rFire    . . .     SeeInvis +   f - +0 dagger (drain)
rCold    . . .     Gourm    .   (no shield)
rNeg     . . .     Faith    .   a - +0 robe
rPois    .         Spirit   .   (helmet unavailable)
rElec    .         Reflect  .   e - +2 cloak
rCorr    .         Harm     .   (no gloves)
MR       .....                  (no boots)
Stlth    ++........             (no amulet)
HPRegen  0.10/turn              k - +2 ring of strength
MPRegen  0.11/turn              (no ring)

@: lethally poisoned (0 -> -3)
A: permanent stasis, dig shafts and tunnels, four strong arms, antennae 3
a: Dig, Shaft Self


You were on level 2 of the Dungeon.
You were not hungry.

You visited 1 branch of the dungeon, and saw 2 of its levels.

You collected 38 gold pieces.

Inventory:

Hand Weapons
 f - a +0 dagger of draining (weapon)
Missiles
 c - 56 stones (quivered)
 j - 11 sling bullets
 l - 16 arrows
Armour
 a - a +0 robe (worn)
 e - a +2 cloak (worn)
Jewellery
 k - a +2 ring of strength (left hand)
Scrolls
 b - a scroll of amnesia {unknown}
Potions
 d - a potion of agility {unknown}
 g - a potion of lignification {unknown}
 h - a potion of cancellation {unknown}
Comestibles
 i - 7 chunks of flesh
 v - 2 rations


   Skills:
 - Level 1.7 Dodging
 - Level 2.4 Stealth
 - Level 3.2 Spellcasting
 * Level 3.3 Conjurations
   Level 1.0 Summonings
   Level 0.8 Translocations


You had 2 spell levels left.
You knew the following spells:

 Your Spells              Type           Power        Failure   Level  Hunger
a - Conjure Flame         Conj/Fire      #.......     24%         3    ###....
c - Magic Dart            Conj           ##..         4%          1    None
e - Mephitic Cloud        Conj/Pois/Air  #.......     30%         3    ###....

Your spell library contained the following spells:

 Spells                   Type           Power        Failure   Level  Hunger
 Call Imp                 Summ           #.......     16%         2    ##.....
 Slow                     Hex            #.......     24%         2    ##.....
 Blink                    Tloc           Unusable     N/A         2    N/A

Dungeon Overview and Level Annotations

Branches:
Dungeon (2/15)

Altars:
Gozag

Annotations:
D:1 Sigmund
D:2 1 exclusion


Innate Abilities, Weirdness & Mutations

You cannot be hasted, slowed, berserked, paralysed or teleported.
You can dig through walls and to a lower floor.
Your four strong arms can wield two-handed weapons with a shield.
You have a pair of large antennae on your head. (SInv)


Message History

g - Guard the area. f - Follow me.
Anything else - Cancel.
You shout for attention!
The adder closely misses you. What are your orders? t - Shout!
Orders for allies: a - Attack new target. r - Retreat! s - Stop attacking. g - Guard the area. f - Follow me.
Anything else - Cancel.
You shout for attention!
The adder bites you. What are your orders? t - Shout!
Orders for allies: a - Attack new target. r - Retreat! s - Stop attacking. g - Guard the area. f - Follow me.
Anything else - Cancel.
You shout for attention!
You die...

#.........#......# #...#
#.......###......# #...#
#.......# #......###...#####
#>....#########..'{{...'....
#....##...#...##.###...###..
#...##..#..#..##.###...###..
#..>#_.#..#..#...+.......#..
#...###..#..#÷.#.#######.#..
#..).##...#@S.##.# #....
#.....###################÷..
###'### #..........# #...
#.## #..........# #... #..#
#..........# ##.. #..#
#..........####'# #..#
#................
#..#######................
#........'................


You could see an adder.

Vanquished Creatures
  An adder (D:2)
  3 worms (D:2)
  A dart slug (D:2)
  2 leopard geckos
  An orc (D:2)
  A giant cockroach (D:2)
  5 hobgoblins
  4 kobolds
  A quokka (D:2)
  2 bats (D:2)
  3 frilled lizards (D:2)
  5 goblins
  A rat (D:2)
30 creatures vanquished.

Notes
Turn   | Place    | Note
-------+----------+-------------------------------------------
     0 | D:1      | DildoBatman the Formicid Wizard began the quest for the
                  | Orb.
     0 | D:1      | Reached XP level 1. HP: 13/13 MP: 4/4
   104 | D:1      | Reached skill level 1 in Conjurations
   396 | D:1      | Reached XP level 2. HP: 18/19 MP: 4/6
   718 | D:2      | Noticed Sigmund
   970 | D:2      | Reached XP level 3. HP: 13/24 MP: 0/7
   975 | D:2      | Learned a level 3 spell: Conjure Flame
   979 | D:2      | Learned a level 3 spell: Mephitic Cloud
  1267 | D:2      | Reached XP level 4. HP: 9/30 MP: 2/8
  1273 | D:2      | Found an opulent altar of Gozag.
  1285 | D:2      | HP: 1/30 [adder (3)]
  1286 | D:2      | Succumbed to an adder's poison

Skill      XL: |  1  2  3 |
---------------+----------+-----
Conjurations   | 1 2 3 |  3.3
Dodging        | |  1.7
Stealth        | |  2.4
Spellcasting   | |  3.2
Summonings     | |  1.0
Translocations | |  0.8

Action                   |  1- 3 |  4- 6 || total
-------------------------+-------+-------++-------
Melee: Unarmed           |     6 |       ||     6
       Dagger            |    50 |       ||    50
 Cast: Magic Dart        |    56 |       ||    56
 Abil: Dig               |     1 |       ||     1
 Stab: Sleeping          |     2 |       ||     2
  Eat: Chunk             |     1 |       ||     1
Armor: Robe              |     7 |     2 ||     9
Dodge: Dodged            |    33 |     3 ||    36
